 Dungeon Crawl Stone Soup version 0.26-a0-710-g95a0c6c400 (webtiles) character file.

Game seed: 8732947411307210972

10500 robertstho the Cleaver (level 11, -4/145 HPs)
             Began as a Minotaur Berserker on Oct 30, 2020.
             Was a High Priest of Trog.
             Slain by a 19-headed hydra (5 damage)
             ... on level 12 of the Dungeon.
             The game lasted 00:11:46 (11826 turns).

robertstho the Cleaver (Minotaur Berserker)        Turns: 11826, Time: 00:11:47

Health: -4/145     AC: 15    Str: 24    XL:     11   Next: 37%
Magic:  10/10      EV: 14    Int:  5    God:    Trog [*****.]
Gold:   236        SH:  0    Dex: 10    Spells: 10/10 levels left

rFire    . . .     SeeInvis .   L - +0 hand axe (venom)
rCold    + . .     Faith    .   (no shield)
rNeg     . . .     Spirit   .   m - +0 plate armour
rPois    .         Reflect  .   (helmet restricted)
rElec    .         Harm     .   h - scarf {+Inv}
rCorr    .         Rampage  .   (no gloves)
MR       .....                  (no boots)
Stlth    ..........             (no amulet)
HPRegen  0.34/turn              v - +4 ring of evasion
MPRegen  0.12/turn              o - ring of protection from cold

@: berserking, very quick
A: retaliatory headbutt, horns 2
a: Berserk, Trog's Hand, Brothers in Arms, Renounce Religion, Evoke Invisibility


You were on level 12 of the Dungeon.
You worshipped Trog.
Trog was extremely pleased with you.
You visited 1 branch of the dungeon, and saw 12 of its levels.
You also visited: Ossuary.

You collected 851 gold pieces.
You spent 615 gold pieces at shops.

Inventory:

Hand Weapons
 y - a +2 hand axe of draining
 z - a +3 flail of holy wrath
 I - a +2 vorpal flail
 L - a +0 hand axe of venom (weapon)
Missiles
 q - 74 poisoned darts (quivered)
Armour
 h - a scarf of invisibility (worn)
 m - a +0 plate armour (worn)
 K - a +0 chain mail of fire resistance
Jewellery
 o - a ring of protection from cold (right hand)
 v - a +4 ring of evasion (left hand)
 w - an uncursed amulet of regeneration {unknown}
Wands
 u - a wand of iceblast (10)
 G - a wand of acid (13)
Scrolls
 a - a scroll of immolation {unknown}
 c - 5 scrolls of remove curse
 d - 5 scrolls of random uselessness {unknown}
 f - a scroll of blinking {unknown}
 i - 4 scrolls of enchant armour {unknown}
 j - 6 scrolls of fog
 l - 4 scrolls of magic mapping {unknown}
 s - 3 scrolls of amnesia {unknown}
 x - 4 scrolls of teleportation {unknown}
 A - 2 scrolls of enchant weapon {unknown}
 E - 2 scrolls of brand weapon {unknown}
 M - 2 scrolls of identify
 N - a scroll of fear {unknown}
Potions
 b - a potion of cancellation
 e - 4 potions of magic
 g - 6 potions of curing
 k - 3 potions of brilliance
 n - 2 potions of resistance
 p - 3 potions of lignification
 r - 3 potions of might
 t - a potion of degeneration {unknown}
 B - 4 potions of heal wounds
 C - 3 potions of flight {unknown}
 D - a potion of mutation {unknown}
 F - 3 potions of haste {unknown}
 H - a potion of ambrosia
 J - a potion of stabbing


   Skills:
 * Level 9.5 Fighting
 * Level 14.0 Axes
 * Level 11.3 Armour
 * Level 7.4 Dodging
 + Level 0.8 Stealth


You had 10 spell levels left.
You didn't know any spells.
Your spell library was empty.

Dungeon Overview and Level Annotations

Branches:
Dungeon (12/15)            Temple (0/1) D:7            Lair (0/6) D:8
    Orc (0/2) D:9         Ossuary (visited)

Altars:
Cheibriados
Dithmenos
Elyvilon
Fedhas
Kikubaaqudgha
Makhleb
Okawaru
Uskayaw
The Shining One

Shops:
D:10 !

Annotations:
D:10 exclusion: oklob plant


Innate Abilities, Weirdness & Mutations

You reflexively headbutt those who attack you in melee.
You have a pair of horns on your head.


Message History

The 17-headed hydra completely misses you.
The 17-headed hydra bites you but does no damage.
The 17-headed hydra closely misses you. x2
You barely miss the 17-headed hydra. You headbutt the 17-headed hydra!
The 17-headed hydra is heavily wounded.
Unknown command.
You lop one of the 17-headed hydra's heads off!
The 16-headed hydra grows two more!
You slash the 18-headed hydra!
The 18-headed hydra is moderately wounded.
Unknown command.
You chop one of the 18-headed hydra's heads off!
The 17-headed hydra grows two more!
You slice the 19-headed hydra!!
The 19-headed hydra is heavily wounded.
The 19-headed hydra closely misses you. You furiously retaliate!
You headbutt the 19-headed hydra!! The 19-headed hydra bites you!
* * * LOW HITPOINT WARNING * * *
The 19-headed hydra bites you!
* * * LOW HITPOINT WARNING * * *
The 19-headed hydra barely misses you. The 19-headed hydra bites you.
You die...

##### .
##.$.####
...###.......#
<)....).....#
###
#D@.[.###..
##..)..#.#
#####..# #.##
#.# ##'##
##...##
##.....##
##.......##


You could see a 19-headed hydra (extremely poisoned).

Vanquished Creatures
  2 two-headed ogres (D:11)
  An unseen horror (D:11)
  2 ugly things (D:11)
  A centaur zombie (D:10)
  A centaur skeleton (D:11)
  A troll (D:10)
  A hornet (D:10)
  Sigmund (D:2)
  A wyvern (D:10)
  4 yaks (D:10)
  Edmund (D:6)
  A warg (D:9)
  3 ice beasts
  2 sky beasts
  2 phantoms
  3 black bears
  5 orc warriors
  5 ogres
  8 centaurs
  2 big kobolds
  5 bullfrogs
  3 elf skeletons (D:5)
  A wyvern skeleton (D:11)
  5 scorpions
  3 killer bees (D:10)
  4 wights (D:11)
  3 howler monkeys
  A bullfrog zombie (D:9)
  6 hounds
  2 quasits (D:10)
  12 orc priests
  Crazy Yiuf (D:2)
  A jelly (D:10)
  11 orc wizards
  A bullfrog skeleton (D:10)
  Jessica (D:3)
  2 human skeletons (D:5)
  Ijyb (D:5)
  2 iguanas
  12 worker ants
  A hound zombie (D:10)
  2 hound skeletons
  8 mummies (Ossuary)
  A worker ant zombie (D:8)
  3 gnolls (D:3)
  10 adders
  A howler monkey skeleton (D:9)
  5 shadow imps
  2 adder skeletons
  2 worms (D:2)
  A dart slug (D:2)
  4 leopard geckos
  63 orcs
  6 bats
  6 giant cockroaches
  7 goblins
  13 hobgoblins
  6 jackals
  18 kobolds
  4 quokkas
  A frilled lizard (D:5)
  3 hobgoblin zombies (Ossuary)
  2 kobold zombies (Ossuary)
  2 leopard gecko zombies
  3 orc skeletons (D:5)
  6 orc zombies
  8 rats
  2 bushes (D:10)
314 creatures vanquished.

Vanquished Creatures (others)
  An orc wizard (D:6)
  10 plants (D:10)
11 creatures vanquished.

Grand Total: 325 creatures vanquished

Notes
Turn   | Place    | Note
-------+----------+-------------------------------------------
     0 | D:1      | robertstho the Minotaur Berserker began the quest for the
                  | Orb.
     0 | D:1      | Reached XP level 1. HP: 19/19 MP: 0/0
   305 | D:1      | Reached XP level 2. HP: 27/27 MP: 1/1
   370 | D:1      | Reached skill level 4 in Axes
   740 | D:2      | Reached XP level 3. HP: 33/33 MP: 2/2
   780 | D:2      | Reached ** piety under Trog
  1014 | D:2      | Noticed Sigmund
  1028 | D:2      | Killed Sigmund
  1028 | D:2      | Reached skill level 5 in Fighting
  1028 | D:2      | Reached skill level 6 in Axes
  1028 | D:2      | Reached XP level 4. HP: 42/42 MP: 3/3
  1028 | D:2      | Reached XP level 5. HP: 48/48 MP: 4/4
  1187 | D:2      | Found a runed translucent door.
  1188 | D:2      | Noticed Crazy Yiuf
  1524 | D:2      | Killed Crazy Yiuf
  1524 | D:2      | Reached XP level 6. HP: 56/56 MP: 5/5
  2266 | D:3      | Noticed Jessica
  2272 | D:3      | Killed Jessica
  2425 | D:3      | Found a burning altar of Makhleb.
  2426 | D:3      | Found a shadowy altar of Dithmenos.
  2539 | D:3      | Found a white marble altar of Elyvilon.
  2767 | D:4      | Reached skill level 7 in Axes
  2767 | D:4      | Reached XP level 7. HP: 53/61 MP: 6/6
  3050 | D:4      | Reached skill level 5 in Armour
  3175 | D:4      | Reached *** piety under Trog
  3806 | D:4      | Found a snail-covered altar of Cheibriados.
  4108 | D:5      | Entered Level 5 of the Dungeon
  4179 | D:5      | Noticed Ijyb
  4191 | D:5      | Killed Ijyb
  4232 | D:5      | Reached skill level 8 in Axes
  4232 | D:5      | Reached XP level 8. HP: 66/70 MP: 7/7
  4246 | D:5      | Found a sand-covered staircase.
  4252 | Ossuary  | Entered an ossuary
  4962 | D:5      | Reached **** piety under Trog
  5322 | D:6      | Noticed Edmund
  5334 | D:6      | Killed Edmund
  5334 | D:6      | Reached skill level 9 in Axes
  6148 | D:7      | Reached XP level 9. HP: 67/79 MP: 8/8
  6239 | D:7      | Reached skill level 10 in Axes
  6250 | D:7      | Found a hide-covered altar of Uskayaw.
  6250 | D:7      | Noticed a +0 dagger
  6250 | D:7      | Noticed a +0 dagger
  6303 | D:7      | Found a staircase to the Ecumenical Temple.
  7020 | D:7      | Found an ancient bone altar of Kikubaaqudgha.
  7129 | D:8      | Reached skill level 5 in Dodging
  7278 | D:8      | Found a staircase to the Lair.
  7315 | D:8      | Found a glowing golden altar of the Shining One.
  7315 | D:8      | Found an iron altar of Okawaru.
  8262 | D:9      | Reached ***** piety under Trog
  8478 | D:9      | Reached skill level 11 in Axes
  8722 | D:9      | Found a staircase to the Orcish Mines.
  8730 | D:9      | Reached XP level 10. HP: 66/88 MP: 9/9
  9089 | D:10     | Entered Level 10 of the Dungeon
  9093 | D:10     | Found Jeoseyk's Distillery.
  9128 | D:10     | Reached skill level 12 in Axes
  9203 | D:10     | Bought a potion of brilliance for 60 gold pieces
  9203 | D:10     | Bought a potion of heal wounds for 75 gold pieces
  9203 | D:10     | Bought a potion of resistance for 150 gold pieces
  9203 | D:10     | Bought a potion of ambrosia for 120 gold pieces
  9203 | D:10     | Bought a potion of might for 60 gold pieces
  9203 | D:10     | Bought a potion of curing for 45 gold pieces
  9203 | D:10     | Bought a potion of lignification for 45 gold pieces
  9203 | D:10     | Bought a potion of stabbing for 60 gold pieces
  9453 | D:10     | Reached skill level 10 in Armour
  9600 | D:10     | Reached skill level 13 in Axes
  9821 | D:10     | Received a gift from Trog
 10059 | D:10     | Found a blossoming altar of Fedhas.
 10075 | D:10     | Noticed an oklob plant
 10345 | D:11     | Killed an unseen horror
 10485 | D:11     | Noticed a two-headed ogre
 10514 | D:11     | Killed a two-headed ogre
 10839 | D:11     | Noticed a white ugly thing
 10851 | D:11     | Killed a white ugly thing
 10851 | D:11     | Reached XP level 11. HP: 97/97 MP: 10/10
 11146 | D:11     | Noticed a two-headed ogre
 11151 | D:11     | Killed a two-headed ogre
 11208 | D:11     | Noticed a red ugly thing
 11220 | D:11     | Killed a red ugly thing
 11486 | D:11     | Reached skill level 14 in Axes
 11804 | D:12     | Noticed a six-headed hydra
 11826 | D:12     | HP: 1/145 [19-headed hydra (9)]
 11826 | D:12     | Slain by a 19-headed hydra

Illustrated notes

Levels and vault maps discovered:
D:1:      onia_arrival_pyramid, layout_basic
D:2:      layout_loops_ring, minmay_quadrilaterals, uniq_sigmund,
          uniq_crazy_yiuf_cottage
D:3:      layout_basic, gammafunk_temple_overflow_wave, elyvilon_altar_1,
          uniq_jessica
D:4:      layout_basic, old_standard_altar
D:5:      layout_cave_pools, nicolae_ossuary_entry_catacombs, uniq_ijyb
D:6:      layout_basic, uniq_edmund
D:7:      layout_loops_cross, dancing_weapons_uskayaw,
          lemuel_coloured_pillars_altar, minmay_temple_entry_fiery
D:8:      layout_layer_cave, grunt_temple_overflow_open, lair_entry_dummy
D:9:      layout_cave_pools, david_orc_3
D:10:     layout_loops_ring, serial_shops, shop, tgw_fedhas
D:11:     layout_basic
D:12:     layout_loops_corners, gammafunk_ghost_fury_of_okawaru

Skill      XL: |  1  2  3  4  5  6  7  8  9 10 11 |
---------------+----------------------------------+-----
Axes           | 4 6 7 8 9 11 13 14 | 14.0
Fighting       | 4 5 6 7 9 |  9.5
Armour         | 3 4 6 7 9 10 11 | 11.3
Dodging        | 3 4 6 7 |  7.4
Stealth        | |  0.8

Action                   |  1- 3 |  4- 6 |  7- 9 | 10-12 || total
-------------------------+-------+-------+-------+-------++-------
Melee: Hand axe          |    65 |   133 |   506 |   331 ||  1035
       Headbutt          |     7 |    23 |   134 |    82 ||   246
Invok: Berserk           |     1 |     1 |     7 |     4 ||    13
Evoke: Wand              |       |       |       |     1 ||     1
  Use: Scroll            |       |       |     9 |       ||     9
Armor: Scale mail        |    28 |       |       |       ||    28
       Animal skin       |     1 |       |       |       ||     1
       Plate armour      |       |    58 |   179 |   129 ||   366
Dodge: Dodged            |    30 |    49 |   189 |   166 ||   434

Table legend: (Time is in decaauts)
 A = Elapsed time spent in this place.
 B = Non-inter-level travel time spent in this place.
 C = Inter-level travel time spent in this place.
 D = Time resting spent in this place.
 E = Time spent auto-exploring this place.
 F = Levels seen in this place.
 G = Mean time per level.
                   A        B        C        D        E       F      G
               +--------+--------+--------+--------+--------+-----+--------+
         Total |  11710 |  11294 |    416 |    233 |   9245 |  13 |  900.8 |
       Dungeon |  11361 |  10945 |    416 |    233 |   8992 |  12 |  946.8 |
       Ossuary |    349 |    349 |      0 |      0 |    253 |   1 |  349.0 |
               +--------+--------+--------+--------+--------+-----+--------+

Top non-repeatable levels by time:
    D:11: 1459 daAuts
     D:4: 1352 daAuts
     D:3: 1175 daAuts
    D:10: 1157 daAuts
     D:8: 1072 daAuts
     D:6: 1030 daAuts
     D:7: 950 daAuts
     D:9: 938 daAuts
     D:2: 931 daAuts
     D:1: 656 daAuts
     D:5: 608 daAuts
 Ossuary: 349 daAuts
    D:12: 27 daAuts
